 Dungeon Crawl Stone Soup version 0.18.1-6-gd335043 (webtiles) character file.

1456 Liquid the Archer (level 8, 0/63 HPs)
             Began as a Centaur Hunter on May 16, 2016.
             Succumbed to a killer bee's poison
             ... on level 6 of the Dungeon.
             The game lasted 00:25:43 (8300 turns).

Liquid the Archer (Centaur Hunter)                  Turns: 8300, Time: 00:25:44

Health: 0/63       AC:  9    Str: 15    XL:     8   Next: 47%
Magic:  1/8        EV: 11    Int: 10    God:
Gold:   244        SH:  0    Dex: 12    Spells: 0 memorised, 7 levels left

rFire  + . .     SeeInvis .     a - +2 shortbow
rCold  . . .     Gourm    .     C - +0 robe of Vipinnur {rF+} (curse)
rNeg   + . .     Faith    .     (shield currently unavailable)
rPois  .         Spirit   +     K - +2 helmet
rElec  .         Dismiss  .     O - +1 cloak
rCorr  .         Reflect  .     (no gloves)
SustAt .         Harm     .     (no barding)
MR     .....                    G - amulet of guardian spirit
Stlth  +.........               (no ring)
                                o - ring of positive energy

@: lethally poisoned (0 -> -13), very quick, not resistant to hostile
enchantments, very unstealthy
A: hooves 3, deformed body, speed 2, tough skin 3
a: no special abilities


You were on level 6 of the Dungeon.
You were hungry.

You visited 2 branches of the dungeon, and saw 8 of its levels.

You collected 475 gold pieces.
You spent 231 gold pieces at shops.

Inventory:

Hand Weapons
 a - a +2 shortbow (weapon)
 p - a +3 hunting sling
 v - a +0 blowgun
 M - a +2 short sword of venom
Missiles
 b - 20 poisoned needles
 d - 33 arrows (quivered)
 e - 23 sling bullets
 i - 12 tomahawks
 r - 196 stones
Armour
 c - a +0 leather armour
 C - the cursed +0 robe of Vipinnur (worn) {rF+}
   (You found it on level 4 of the Dungeon)

   It protects you from fire.
   It has a curse placed upon it.
 E - a +0 chain mail
 K - a +2 helmet (worn)
 O - a +1 cloak (worn)
Magical Staves
 A - an uncursed staff of conjuration
Jewellery
 o - a ring of positive energy (left hand)
 G - an amulet of guardian spirit (around neck)
Wands
 D - a wand of acid (8/15)
 F - a wand of iceblast (5/15)
Scrolls
 g - a scroll of identify
 j - 3 scrolls of enchant weapon
 k - 3 scrolls of amnesia
 l - 2 scrolls of fog
 u - 3 scrolls of magic mapping
 x - 3 scrolls of teleportation
 L - a scroll of remove curse
Potions
 n - a potion of agility
 q - 3 potions of might
 s - a potion of haste {unknown}
 t - 2 potions of berserk rage {unknown}
 w - 2 potions of cure mutation {unknown}
 H - a potion of magic {unknown}
Books
 z - a book of Minor Magic

   Spells                             Type                      Level
   a - Magic Dart                     Conjuration                  1
   b - Blink                          Translocation                2
   c - Call Imp                       Summoning                    2
   d - Repel Missiles                 Charms/Air                   2
   e - Slow                           Hexes                        2
   f - Conjure Flame                  Conjuration/Fire             3
   g - Mephitic Cloud                 Conjuration/Poison/Air       3
Comestibles
 f - 7 bread rations
 h - 4 slices of pizza
 m - 2 meat rations
 B - 2 beef jerkies
 I - 5 chunks of flesh
 J - 5 fruits


   Skills:
 + Level 3.4 Fighting
 * Level 11.0 Bows
 + Level 3.4 Armour
 + Level 3.8 Dodging
 - Level 0.5 Stealth


You had 7 spell levels left.
You didn't know any spells.

Dungeon Overview and Level Annotations

Branches:
Dungeon (7/15)             Temple (1/1) D:6

Altars:
Dithmenos
Elyvilon
Gozag
Kikubaaqudgha
Makhleb
Nemelex Xobeh
Pakellas
Qazlal
Ru
Trog
Vehumet
Xom
Yredelemnul
Zin
The Shining One
Lugonu

Shops:
D:6 [[(=


Innate Abilities, Weirdness & Mutations

You have hooves in place of feet.
Armour fits poorly on your strangely shaped body.
You cover ground very quickly.
You have extremely tough skin (AC +3).


Message History

You feel strangely unstable.
You feel sick. The killer bee stings you!
* * * LOW HITPOINT WARNING * * *
You are lethally poisoned!
The killer bee poisons you! The killer bee stings you.
* * * LOW HITPOINT WARNING * * *
Unknown command.
* * * LOW HITPOINT WARNING * * *
You feel sick.
* * * LOW HITPOINT WARNING * * *
You feel sick.
You see here 8 arrows.
* * * LOW HITPOINT WARNING * * *
You feel sick. The killer bee stings you!
* * * LOW HITPOINT WARNING * * *
* * * LOW HITPOINT WARNING * * *
You feel sick.
Your surroundings suddenly seem different.
* * * LOW HITPOINT WARNING * * *
You feel sick.
You die...

.'..######...# #.#######.#
.##.#######..# #.# #.#
.##.#.....#..# #.# #.#
###.#.....#..###.# #.#
....#.....'.>....# #.#
..........#..###.# ####.#
...#####+##..########∩.∩.#
.........................#
############.##.@....∩.∩.#
.............##..........#
#.†############.###..###.#
##.##.....# #......# #.##
#........# ######.###..##
##.8.8.8..# #.#8.8.8#
....⌠.⌠...# #.#.⌠.⌠.##
#..8.>.8..# #.#8.∩.8.#
#...⌠.⌠...# #...⌠.⌠..#


There were no monsters in sight!

Vanquished Creatures
  A hippogriff (D:7)
  Duvessa (D:7)
  A centaur (D:5)
  The ghost of bollicks1999 the Sneak, an amateur OpAs (D:3)
  Dowan (D:7)
  2 killer bees (D:6)
  3 howler monkeys
  A wasp zombie (D:5)
  A crimson imp (D:6)
  A centaur zombie (D:6)
  5 orc priests
  A centaur skeleton (D:5)
  A giant frog skeleton (D:4)
  An iguana (D:4)
  5 orc wizards
  2 worker ants
  A howler monkey skeleton (D:6)
  9 adders
  8 river rats (D:5)
  An ooze (D:3)
  An adder zombie (D:7)
  2 worms (D:3)
  3 dart slugs
  20 orcs
  A ball python (D:3)
  8 giant cockroaches
  7 hobgoblins
  8 jackals
  2 quokkas
  2 bats (D:2)
  7 giant newts
  10 goblins
  13 kobolds
  27 rats
158 creatures vanquished.

Notes
Turn   | Place    | Note
--------------------------------------------------------------
     0 | D:1      | Liquid the Centaur Hunter began the quest for the Orb.
     0 | D:1      | Reached XP level 1. HP: 17/17 MP: 1/1
    54 | D:1      | Reached XP level 2. HP: 17/24 MP: 2/2
    58 | D:1      | Reached skill level 6 in Bows
   921 | D:2      | Reached XP level 3. HP: 29/29 MP: 3/3
  1271 | D:2      | Reached skill level 7 in Bows
  1271 | D:2      | Reached XP level 4. HP: 29/36 MP: 4/4
  2243 | D:3      | Found a shimmering altar of Xom.
  2247 | D:3      | Noticed an angel
  2307 | D:3      | Found a glowing silver altar of Zin.
  2318 | D:3      | Noticed bollicks1999's ghost (amateur OpAs)
  2362 | D:3      | Killed bollicks1999's ghost
  2362 | D:3      | Reached skill level 1 in Armour
  2362 | D:3      | Reached XP level 5. HP: 30/41 MP: 5/5
  2614 | D:3      | Reached skill level 8 in Bows
  3710 | D:3      | Found an ancient bone altar of Kikubaaqudgha.
  3962 | D:4      | Got a heavily jewelled robe
  3974 | D:4      | Identified the cursed +0 robe of Vipinnur {rF+} (You found it on level 4 of the Dungeon)
  4025 | D:4      | Reached XP level 6. HP: 18/48 MP: 6/6
  4716 | D:4      | Reached skill level 9 in Bows
  4999 | D:4      | Found a glowing golden altar of the Shining One.
  5001 | D:4      | Noticed an angel
  5015 | D:4      | Found a basalt altar of Yredelemnul.
  5017 | D:4      | Noticed a profane servitor
  5262 | D:5      | Entered Level 5 of the Dungeon
  5430 | D:5      | Found an opulent altar of Gozag.
  5494 | D:5      | Reached XP level 7. HP: 7/55 MP: 2/7
  6995 | D:5      | Found a sparkling altar of Nemelex Xobeh.
  7031 | D:6      | Found Hepsiq's Armour Emporium.
  7037 | D:6      | Bought a +2 helmet for 231 gold pieces
  7065 | D:6      | Found a staircase to the Ecumenical Temple.
  7074 | Temple   | Entered the Ecumenical Temple
  7134 | D:6      | Reached skill level 10 in Bows
  7287 | D:6      | Found Yce Xiag's Armour Boutique.
  7320 | D:6      | Found Onkitido's Antique Weapon Shop.
  7327 | D:6      | Found Alecydwe's Jewellery Shop.
  7681 | D:7      | Reached XP level 8. HP: 61/62 MP: 6/8
  7688 | D:7      | Found a white marble altar of Elyvilon.
  7768 | D:7      | Noticed Dowan
  7771 | D:7      | Noticed Duvessa
  7774 | D:7      | Killed Dowan
  7812 | D:7      | Killed Duvessa
  8252 | D:7      | Reached skill level 11 in Bows
  8297 | D:6      | HP: 3/63 [killer bee (8)]
  8299 | D:6      | HP: 1/63 [poisoned by a killer bee]
  8300 | D:6      | Succumbed to a killer bee's poison

Skill      XL: |  1  2  3  4  5  6  7  8 |
---------------+-------------------------+-----
Bows           | 6 7 8 9 10 11 | 11.0
Armour         | 1 2 3 |  3.4
Dodging        | 2 3 |  3.8
Fighting       | 3 |  3.4
Stealth        | |  0.5

Action                   |  1- 3 |  4- 6 |  7- 9 || total
-------------------------+-------+-------+-------++-------
Melee: Short sword       |    81 |       |       ||    81
       Kick              |    13 |       |     1 ||    14
       Shortbow          |       |       |     3 ||     3
 Fire: Hunting sling     |    48 |   215 |    14 ||   277
       Shortbow          |       |    43 |   259 ||   302
  Use: Scroll            |       |    14 |     4 ||    18
       Potion            |       |     3 |     1 ||     4
  Eat: Chunk             |       |     6 |     2 ||     8
       Bread ration      |       |     1 |       ||     1
       Meat ration       |       |       |     1 ||     1
Armor: Leather armour    |    33 |    23 |       ||    56
       Robe              |       |     7 |    53 ||    60
Dodge: Dodged            |    50 |    62 |    62 ||   174
